 Dungeon Crawl Stone Soup version 0.29.1-2-gbd0b4ee654 (webtiles) character file.

Game seed: 5984695046406657683

1893 RascalDebosk the Magician (level 9, 0/66 HPs)
             Began as a Djinni Earth Elementalist on Oct 23, 2022.
             Slain by a jelly (3 damage)
             ... on level 6 of the Dungeon.
             The game lasted 00:38:06 (7081 turns).

RascalDebosk the Magician (DjEE)                    Turns: 7081, Time: 00:38:06

Health: 0/66       AC:  9    Str:  7    XL:     9   Next: 37%
Gold:   14         EV: 10    Int: 21    God:
                   SH:  9    Dex: 14

rFire   + + .      SeeInvis .   n - +0 long sword
rCold   x . .      Faith    .   v - +0 kite shield
rNeg    . . .      Spirit   .   A - +0 robe
rPois   ∞          Reflect  .   B - +2 helmet
rElec   .          Harm     .   H - +0 cloak
rCorr   +          Rampage  .   G - +2 pair of gloves
Will    .....                   (boots unavailable)
Stlth   ++........              (no amulet)
HPRegen 0.21/turn               F - ring of resist corrosion
MPRegen 0.00/turn               (no ring)

@: flying
A: sickness immunity, fire resistance 2, cold vulnerability 1, float, innate
caster, HP casting, extra vitality 1
a: no special abilities


You were on level 6 of the Dungeon.
You visited 1 branch of the dungeon, and saw 6 of its levels.
You also visited: Sewer.

You collected 283 gold pieces.
You spent 269 gold pieces at shops.

Inventory:

Hand Weapons
 n - a +0 long sword (weapon)
 s - a +1 dagger of electrocution
Missiles
 u - a throwing net {@!f}
Armour
 p - the +5 pair of gloves of the Cicada {Str-5 Int+5}
   (You found it on level 2 of the Dungeon)

   Str:       It affects your strength (-5).
   Int:       It affects your intelligence (+5).
 v - a +0 kite shield (worn)
 A - a +0 robe (worn)
 B - a +2 helmet (worn)
 G - a +2 pair of gloves (worn)
 H - a +0 cloak (worn)
 J - the +1 scale mail of Hepliaklqana {rC+ Stlth+}
   (You found it on level 5 of the Dungeon)

   rC:        It protects you from cold.
   Stlth:     It makes you more stealthy.
Jewellery
 F - a ring of resist corrosion (left hand)
Wands
 x - a wand of roots (3)
Scrolls
 d - a scroll of blinking {unknown}
 g - 2 scrolls of poison
 h - 2 scrolls of fear
 k - a scroll of enchant weapon {unknown}
 l - a scroll of butterflies {unknown}
 m - 2 scrolls of magic mapping
 o - a scroll of brand weapon {unknown}
 q - a scroll of silence
 y - 2 scrolls of noise
 z - a scroll of vulnerability {unknown}
 E - a scroll of summoning {unknown}
 I - a scroll of teleportation {unknown}
Potions
 a - a potion of lignification {unknown}
 b - 2 potions of degeneration
 c - 3 potions of berserk rage
 e - 4 potions of curing
 j - a potion of resistance
 r - 2 potions of mutation
 t - a potion of magic {unknown}
 w - 5 potions of heal wounds
 C - a potion of attraction {unknown}
 D - 2 potions of haste {unknown}


   Skills:
 + Level 5.8 Fighting
 - Level 2.1 Dodging
 - Level 1.5 Stealth
 + Level 4.8 Shields
 * Level 7.0 Spellcasting


You had 3 spell levels left.
You knew the following spells:

 Your Spells              Type           Power      Damage    Failure   Level
a - Sandblast             Erth           74%        2d16      1%          1
b - Passwall              Tmut/Erth      30%        N/A       2%          2
c - Stone Arrow           Conj/Erth      74%        3d11      4%          3
d - Petrify               Tmut/Erth      37%        N/A       14%         4
e - Shock                 Conj/Air       100%       1d9       1%          1
f - Blink                 Tloc           74%        N/A       2%          2
g - Portal Projectile     Hex/Tloc       74%        N/A       4%          3
h - Ozocubu's Armour      Ice            37%        N/A       4%          3
Your spell library was empty.

Dungeon Overview and Level Annotations

Branches:
Dungeon (6/15)              Sewer (visited)
 Temple: D:4-7

Altars:
Elyvilon
Okawaru

Shops:
D:1 (   D:2 ([?


Innate Abilities, Weirdness & Mutations

You are immune to sickness and miasma.
You are immune to poison.
Your flesh is very heat resistant. (rF++)
You are vulnerable to cold. (rC-)
You float through the air rather than walking.
You learn spells naturally, not from books.
Your magical power is your life essence.
You have superior vitality. (+4 MHP)


Message History

A steam dragon comes into view.
Found a dagger.
The steam dragon hisses angrily.
Things that are here:
a +0 club; a +0 chain mail; 6 gold pieces The steam dragon breathes steam at you.
The ball of steam misses you.
The kobold demonologist casts a spell.
The kobold demonologist stops moving altogether!
The helpless kobold demonologist fails to defend itself.
You slash the kobold demonologist!
The kobold demonologist is lightly wounded.
The crimson imp misses you.
The helpless kobold demonologist fails to defend itself.
You slash the kobold demonologist!
The kobold demonologist is moderately wounded.
The crimson imp hits you but does no damage.
The kobold demonologist is engulfed in a cloud of scalding steam.
An acid dragon comes into view.
The crimson imp grinds its teeth.
You block the crimson imp's attack.
The helpless kobold demonologist fails to defend itself.
You hit the kobold demonologist.
The kobold demonologist is heavily wounded.
The jelly quivers.
An orc comes into view. It is wielding a +0 flail.
The steam dragon bites you. You block the steam dragon's attack.
The crimson imp blinks!
The iron imp hits you!
* * * LOW HITPOINT WARNING * * *
The helpless kobold demonologist fails to defend itself.
You slash the kobold demonologist!
The kobold demonologist is heavily wounded.
The steam dragon breathes steam at you. The ball of steam hits you. You resist.
* * * LOW HITPOINT WARNING * * *
The ball of steam misses the iron imp.
You block the white imp's attack.
The iron imp hits you but does no damage.
You block the steam dragon's attack. The steam dragon misses you.
The white imp gestures at you. You block the puff of frost.
The crimson imp disappears for a moment.
The acid dragon roars!
You hear a bark!
The helpless kobold demonologist fails to defend itself.
You hit the kobold demonologist.
The kobold demonologist is heavily wounded.
The iron imp hits you but does no damage.
The steam dragon closely misses you. The steam dragon barely misses you.
The white imp hits you but does no damage.
Unknown command.
The helpless kobold demonologist fails to defend itself.
You hit the kobold demonologist but do no damage.
The kobold demonologist is heavily wounded.
You block the steam dragon's attack.
The steam dragon claws you but does no damage.
You block the iron imp's attack.
The white imp is engulfed in a cloud of scalding steam.
The white imp hits you but does no damage.
The steam dragon closely misses you. You block the steam dragon's attack.
The white imp is engulfed in a cloud of scalding steam.
The white imp dies!
The white imp disappears in a puff of smoke!
The iron imp hits you.
* * * LOW HITPOINT WARNING * * *
A hound comes into view.
The helpless kobold demonologist fails to defend itself.
You hit the kobold demonologist.
The kobold demonologist is heavily wounded.
You block the steam dragon's attack. The steam dragon barely misses you.
You block the iron imp's attack.
The steam dragon bites you but does no damage.
The steam dragon claws you.
* * * LOW HITPOINT WARNING * * *
The jelly hits you.
* * * LOW HITPOINT WARNING * * *
You are splashed with acid.
You resist.
* * * LOW HITPOINT WARNING * * *
The helpless kobold demonologist fails to defend itself.
You slash the kobold demonologist!
The kobold demonologist is severely wounded.
The kobold demonologist is no longer petrified.
The kobold demonologist casts a spell.
The iron imp hits you but does no damage.
You block the steam dragon's attack. The steam dragon barely misses you.
The jelly hits you but does no damage.
The kobold demonologist hits you but does no damage.
Unknown command.
You barely miss the kobold demonologist.
The kobold demonologist is severely wounded.
The acid dragon barely misses you. You block the acid dragon's attack.
The steam dragon breathes steam at you. The ball of steam hits you. You resist.
* * * LOW HITPOINT WARNING * * *
The ball of steam hits the iron imp.
The iron imp completely resists.
You block the jelly's attack. The iron imp hits you.
* * * LOW HITPOINT WARNING * * *
The kobold demonologist miscasts a cantrip.
You block the acid dragon's attack. The acid dragon claws you.
* * * LOW HITPOINT WARNING * * *
The jelly hits you.
You die...

#######.#
.......)############
##.##...÷..÷........
#....#)..#...#...
##..#.#...#)#...#
#.#...#)..#...#.
...[.............
##....#..D#...#...
##..#(#D@5#$#...#
#.#...#KJ5#...#.
#......4.......
....#..o#...#...
#..#.#...#.#...#
#.#...#.. #...#.
#... .... .... ..
#...#. #.


You could see a rust devil (summoned), a kobold demonologist, a steam dragon
(catching breath), an acid dragon, a jelly, an iron imp (summoned), a crimson
imp (summoned) and an orc.

Vanquished Creatures
  A cyclops (D:6)
  A troll (D:6)
  Sigmund (D:2)
  An orc warrior (D:6)
  A sky beast (D:6)
  An ogre (D:6)
  A kobold brigand (Sewer)
  3 bullfrogs
  A necrophage (D:6)
  A scorpion (D:5)
  A wight (D:6)
  2 hounds
  2 iguanas
  A scorpion zombie (D:3)
  An orc wizard (D:6)
  9 adders
  3 gnolls (D:2)
  2 river rats (Sewer)
  A shadow imp (D:6)
  2 white imps
  2 adder skeletons (D:3)
  2 worms (D:2)
  A dart slug (D:2)
  18 orcs
  8 endoplasms
  6 giant cockroaches
  12 goblins
  5 hobgoblins
  8 jackals
  6 kobolds
  5 quokkas
  16 ball pythons
  5 bats
  2 frilled lizards
  A quokka zombie (D:3)
  14 rats
147 creatures vanquished.

Vanquished Creatures (others)
  8 plants (D:2)
8 creatures vanquished.

Grand Total: 155 creatures vanquished

Notes
Turn   | Place    | Note
-------+----------+-------------------------------------------
     0 | D:1      | RascalDebosk the Djinni Earth Elementalist began the quest
                  | for the Orb.
     0 | D:1      | RascalDebosk set off with the following spells memorised:
                  | Sandblast, Passwall, Stone Arrow, Petrify.
     0 | D:1      | Reached XP level 1. HP: 15/15 MP: 0/0
   143 | D:1      | Reached XP level 2. HP: 15/22 MP: 0/0
   448 | D:1      | Reached skill level 1 in Fighting
   477 | D:1      | Reached XP level 3. HP: 10/27 MP: 0/0
   477 | D:1      | Learned a level 1 spell: Shock
   663 | D:1      | Reached skill level 3 in Spellcasting
   780 | D:1      | Found Ocyeppye's Weapon Shoppe.
  1542 | D:2      | Noticed Sigmund
  1555 | D:2      | Killed Sigmund
  1556 | D:2      | Reached skill level 4 in Spellcasting
  1556 | D:2      | Reached XP level 4. HP: 24/34 MP: 0/0
  1556 | D:2      | Reached XP level 5. HP: 29/40 MP: 0/0
  1556 | D:2      | Learned a level 2 spell: Blink
  1556 | D:2      | Reached XP level 6. HP: 32/45 MP: 0/0
  1646 | D:2      | Found Noqukhluco's Antique Armour Shoppe.
  1658 | D:2      | Found Jaosunw Wuim's Antique Weapon Boutique.
  1761 | D:2      | Found a faded altar of an unknown god.
  1800 | D:2      | Found Bunackegh's Magic Scroll Shoppe.
  2047 | D:2      | Identified the +5 pair of gloves of the Cicada {Str-5
                  | Int+5}
  2430 | D:2      | Reached skill level 1 in Shields
  2465 | D:2      | Bought a kite shield for 81 gold pieces
  2845 | D:3      | Found a glowing drain.
  2849 | Sewer    | Entered a sewer
  3024 | Sewer    | Reached XP level 7. HP: 32/50 MP: 0/0
  3024 | Sewer    | Learned a level 3 spell: Portal Projectile
  3043 | Sewer    | Found a white marble altar of Elyvilon.
  3533 | D:3      | Found a white marble altar of Elyvilon.
  4075 | D:2      | Bought a scroll of fear for 52 gold pieces
  4075 | D:2      | Bought a scroll of identify for 26 gold pieces
  4075 | D:2      | Bought a scroll of noise for 13 gold pieces
  4569 | D:4      | Reached skill level 5 in Spellcasting
  5560 | D:5      | Entered Level 5 of the Dungeon
  5705 | D:5      | Reached XP level 8. HP: 41/58 MP: 0/0
  5705 | D:5      | Found an iron altar of Okawaru.
  6203 | D:5      | Identified the +1 scale mail of Hepliaklqana {rC+ Stlth+}
  6353 | D:6      | Noticed a cyclops
  6359 | D:6      | Killed a cyclops
  6360 | D:6      | Reached skill level 6 in Spellcasting
  6369 | D:6      | Reached skill level 5 in Fighting
  6685 | D:2      | Bought a scroll of enchant armour for 97 gold pieces
  6815 | D:6      | Reached XP level 9. HP: 57/65 MP: 0/0
  6815 | D:6      | Learned a level 3 spell: Ozocubu's Armour
  7056 | D:6      | Noticed a troll
  7063 | D:6      | Killed a troll
  7064 | D:6      | Reached skill level 7 in Spellcasting
  7067 | D:6      | Noticed a kobold demonologist
  7081 | D:6      | Noticed a rust devil
  7081 | D:6      | HP: 3/66 [acid dragon (4)]
  7081 | D:6      | Slain by a jelly

Illustrated notes

Levels and vault maps discovered:
D:1:      dpeg_arrival_rhombi, layout_loops_ring, serial_shops, shop
D:2:      layout_rooms, hellmonk_ecumenical_altar_leap_of_faith, serial_shops,
          shop, shop, shop, serial_bayou_ford_a, minmay_increasing_density,
          uniq_sigmund
D:3:      layout_basic, old_standard_altar, gup_sewer_entry_bowl, serial_undead,
          serial_undead_d, serial_undead_c, serial_undead_f, serial_undead_a,
          minmay_puff
D:4:      layout_loops_corners
D:5:      layout_rooms, mainiacjoe_overflow_concentric_impassable
D:6:      cheibrodos_fzero, layout_loops_ring, fedhas_altar_3,
          dancing_weapons_uskayaw, kennysheep_little_box,
          minmay_temple_entry_mini_moons, minivault_10, minmay_manual_monstrance

Skill      XL: |  1  2  3  4  5  6  7  8  9 |
---------------+----------------------------+-----
Fighting       | 1 2 3 4 5 |  5.8
Spellcasting   | 4 5 6 7 |  7.0
Shields        | 1 2 4 |  4.8
Dodging        | |  2.1
Stealth        | |  1.5

Action                   |  1- 3 |  4- 6 |  7- 9 || total
-------------------------+-------+-------+-------++-------
Melee: Long sword        |       |       |     9 ||     9
 Cast: Sandblast         |    30 |       |       ||    30
       Shock             |    28 |   102 |   112 ||   242
       Stone Arrow       |     4 |     1 |    34 ||    39
       Petrify           |       |       |     2 ||     2
       Blink             |       |       |     1 ||     1
  Use: Scroll            |       |       |     9 ||     9
 Stab: Petrified         |       |       |     8 ||     8
Armor: Robe              |     2 |     3 |    17 ||    22
Dodge: Dodged            |    10 |     7 |    40 ||    57
Block: Kite shield       |       |     1 |    34 ||    35
